 Dungeon Crawl Stone Soup version 0.25-a0-68-ge58f8a54b6 (webtiles) character file.

Game seed: 16340941787795212246, levelgen mode: deterministic

150 iamserjio the Ducker (level 5, -4/36 HPs)
             Began as an Octopode Earth Elementalist on Nov 2, 2019.
             Slain by a sickly merfolk siren
             ... wielding a +0 trident
              (9 damage)
             ... in a sewer.
             The game lasted 00:05:28 (3040 turns).

iamserjio the Ducker (Octopode Earth Elementalist)  Turns: 3040, Time: 00:05:28

Health: -4/36      AC:  1    Str:  8    XL:     5   Next: 32%
Magic:  8/8        EV: 14    Int: 17    God:
Gold:   74         SH:  0    Dex: 13    Spells: 2/8 levels left

rFire    . . .     SeeInvis .   h - +0 whip
rCold    . . .     Gourm    .   (no shield)
rNeg     . . .     Faith    .   (helmet restricted)
rPois    .         Spirit   .   (no amulet)
rElec    .         Reflect  .   (no ring)
rCorr    .         Harm     .   (no ring)
MR       .....                  (no ring)
Stlth    ++++......             (no ring)
HPRegen  0.12/turn              (no ring)
MPRegen  0.11/turn              (no ring)
                                (no ring)
                                (no ring)

@: no status effects
A: almost no armour, stealthy swim, amphibious, 8 rings, constrict 8, camouflage
1, gelatinous body 1
a: no special abilities


You were in a sewer.
You were not hungry.

You visited 1 branch of the dungeon, and saw 3 of its levels.
You also visited: Sewer.

You collected 74 gold pieces.

Inventory:

Hand Weapons
 h - a +0 whip (weapon)
 m - a +0 spear
 n - a +0 hunting sling
 o - a +0 dagger
 p - a +0 flail
 r - a +0 long sword
Missiles
 b - 103 stones (quivered)
 e - 2 silver boomerangs
 u - 24 sling bullets
Scrolls
 a - a scroll of enchant weapon
 f - 2 scrolls of teleportation {@r3}
 l - 2 scrolls of amnesia
 s - 2 scrolls of remove curse {@r2}
Potions
 d - a potion of heal wounds
 g - a potion of curing {unknown}
 i - 2 potions of degeneration {unknown}
 k - 2 potions of cancellation {unknown}
 q - 2 potions of flight {unknown}
Comestibles
 c - 6 rations
 j - 5 chunks of flesh


   Skills:
 - Level 3.0 Fighting
 - Level 3.7 Dodging
 - Level 2.6 Stealth
 + Level 2.0 Spellcasting
 * Level 0.8 Conjurations
   Level 1.0 Transmutations
 * Level 0.4 Air Magic
 - Level 3.0 Earth Magic
 * Level 1.1 Poison Magic


You had 2 spell levels left.
You knew the following spells:

 Your Spells              Type           Power        Failure   Level  Hunger
a - Sandblast             Erth           ##....       5%          1    #......
b - Blink                 Tloc           N/A          28%         2    ###....
c - Mephitic Cloud        Conj/Pois/Air  #.......     38%         3    ###....

Your spell library contained the following spells:

 Spells                   Type           Power        Failure   Level  Hunger
 Passwall                 Tmut/Erth      #.......     13%         2    ###....
 Magic Dart               Conj           #...         14%         1    #......
 Call Imp                 Summ           #.......     28%         2    ###....
 Slow                     Hex            #.......     28%         2    ###....
 Stone Arrow              Conj/Erth      #.....       26%         3    ###....
 Conjure Flame            Conj/Fire      #.......     43%         3    ###....
 Petrify                  Tmut/Erth      #.......     63%         4    #####..
 Lee's Rapid Deconstruct  Erth           ##........   83%         5    ######.


Dungeon Overview and Level Annotations

Branches:
Dungeon (3/15)              Sewer (1/1)

Altars:
Ashenzari
Cheibriados


Innate Abilities, Weirdness & Mutations

You cannot wear most types of armour.
You are very stealthy in the water. (Stealth+)
You are amphibious.
You can wear up to eight rings at the same time.
You can use your tentacles to constrict eight enemies at once.
Your skin changes colour to match your surroundings (Stealth+).
Your rubbery body absorbs attacks. (AC +1, EV +1)


Message History

Unknown command.
You aren't carrying any items that you can evoke.
Unknown command.
The helpless sickly merfolk siren fails to defend itself.
You hit the sickly merfolk siren.
Your grab misses the sickly merfolk siren.
The sickly merfolk siren hits you with a +0 trident!
You hit the sickly merfolk siren but do no damage.
Your grab misses the sickly merfolk siren.
You squeeze the sickly merfolk siren!
The sickly merfolk siren barely misses you.
You hit the sickly merfolk siren. You grab the sickly merfolk siren.
You constrict the sickly merfolk siren, but do no damage.
The sickly merfolk siren hits you with a +0 trident!!
Ouch! That really hurt!
* * * LOW HITPOINT WARNING * * *
You hit the sickly merfolk siren but do no damage.
You constrict the sickly merfolk siren, but do no damage.
The sickly merfolk siren hits you with a +0 trident!
You die...

#.##.....÷.....≈≈≈≈∩∩#
#.####################
#..÷≈≈≈≈≈≈≈≈≈≈≈≈≈≈≈#####
#..≈≈≈.≈≈..≈..≈≈≈≈≈≈≈≈≈≈
##≈≈≈÷.####÷.############
#≈≈≈..## #### #≈≈####
#≈###########
#≈≈≈≈≈≈≈≈≈@m#
#############


You could see a sickly merfolk siren.

Vanquished Creatures
  Robin (D:2)
  2 adders
  A river rat (D:3)
  An ooze (D:2)
  4 dart slugs
  3 worms
  4 leopard geckos
  3 ball pythons
  6 giant cockroaches
  13 goblins
  3 hobgoblins
  5 jackals
  5 quokkas
  6 bats
  2 frilled lizards (Sewer)
  13 kobolds
  15 rats
87 creatures vanquished.

Notes
Turn   | Place    | Note
-------+----------+-------------------------------------------
     0 | D:1      | iamserjio the Octopode Earth Elementalist began the quest
                  | for the Orb.
     0 | D:1      | Reached XP level 1. HP: 11/11 MP: 3/3
    34 | D:1      | Found a shattered altar of Ashenzari.
   196 | D:1      | Reached skill level 1 in Fighting
   196 | D:1      | Reached XP level 2. HP: 17/18 MP: 5/5
   734 | D:1      | Reached XP level 3. HP: 24/24 MP: 6/6
  1852 | D:2      | Noticed Robin
  1857 | D:2      | Reached XP level 4. HP: 30/30 MP: 7/7
  1866 | D:2      | Killed Robin
  2513 | D:3      | Learned a level 2 spell: Blink
  2517 | D:3      | Learned a level 3 spell: Mephitic Cloud
  2637 | D:3      | Reached XP level 5. HP: 36/36 MP: 8/8
  2653 | D:3      | Found a snail-covered altar of Cheibriados.
  2776 | D:3      | Found a glowing drain.
  2794 | D:3      | Reached skill level 1 in Poison Magic
  2799 | Sewer    | Entered a sewer
  3040 | Sewer    | Slain by a sickly merfolk siren

Levels and vault maps discovered:
D:1:      dpeg_arrival_rooms_a, layout_loops_ring, ashenzari_altar_1
D:2:      minmay_door_path, layout_basic, uniq_robin
D:3:      layout_loops_ring, lemuel_doored_altar, first_ration,
          portal_sewer_entry_e
Sewer:    sewer_sea

Skill      XL: |  1  2  3  4  5 |
---------------+----------------+-----
Fighting       | 1 2 3 |  3.0
Dodging        | 3 |  3.7
Poison Magic   | 1 |  1.1
Stealth        | |  2.6
Spellcasting   | |  2.0
Conjurations   | |  0.8
Transmutations | |  1.0
Air Magic      | |  0.4
Earth Magic    | |  3.0

Action                   |  1- 3 |  4- 6 || total
-------------------------+-------+-------++-------
Melee: Whip              |    85 |    83 ||   168
       Unarmed           |     2 |       ||     2
       Constrict         |    24 |    24 ||    48
       Tentacles         |    17 |    12 ||    29
 Cast: Sandblast         |     6 |    23 ||    29
  Use: Scroll            |       |     5 ||     5
 Stab: Sleeping          |    14 |     7 ||    21
  Eat: Chunk             |     3 |     4 ||     7
Armor: Skin              |    11 |     2 ||    13
Dodge: Dodged            |    47 |    76 ||   123

Table legend:
 A = Non-vault XP
 B = Vault XP
 C = Vault XP percentage of total XP
 D = Non-vault monster count
 E = Vault monster count
 F = Vault count percentage of total count
                 A         B        C        D         E       F
            +---------+---------+-------+---------+---------+-------
      Total |     125 |      90 |  41.9 |      54 |      33 |  37.9
            +---------+---------+-------+---------+---------+-------
        D:1 |      55 |       0 |   0.0 |      30 |       0 |   0.0
        D:2 |      42 |      41 |  49.4 |      10 |      15 |  60.0
        D:3 |      28 |      39 |  58.2 |      14 |       8 |  36.4
      Sewer |       0 |      10 | 100.0 |       0 |      10 | 100.0
            +---------+---------+-------+---------+---------+-------
